[Event "18th Charleroi Open-A 2019"]
[Site "Charleroi"]
[Date "2019.08.03"]
[Round "9.13"]
[White "Soyunlu, Narmin"]
[Black "Verheyen, Olivier"]
[Result "0-1"]
[ECO "A36"]
[WhiteElo "2099"]
[BlackElo "2200"]
[Annotator "NA"]
[PlyCount "62"]
[EventDate "2019.07.22"]
[EventType "swiss"]
[EventCountry "BEL"]
[SourceTitle "playchess.com"]
[Source "ChessBase"]
[SourceQuality "1"]
[TimeControl "40/5400+30:1800+30"]

1. g3 Nf6 2. Bg2 g6 3. c4 Bg7 4. Nc3 O-O 5. e4 d6 6. Nge2 c5 7. O-O Nc6 8. h3 Rb8 9. d3 a6 10. a4 Ne8 11. Be3 b5 12. cxb5 axb5 13. Nxb5 Nc7 14. d4 Nxb5 15. axb5 Rxb5 16. Qa4 Nxd4 17. Nxd4 Rb4 18. Qa3 Bxd4 19. Bxd4 Rxd4 20. Qa7 Qd7 21. Rfc1 e5 22. Qa3 Qb5 23. Qc3 Be6 24. Rc2 Rb8 25. Ra5 Qb6 26. Ra1 Rc4 27. Qd2 Rxc2 28. Qxc2 Qxb2 29. Qa4 Qd4 30. Qa5 Rb2 31. Qe1 Qd2 0-1

[Event "18th Charleroi Open-A 2019"]
[Site "Charleroi"]
[Date "2019.08.03"]
[Round "9.14"]
[White "Ghyselen, Wouter"]
[Black "Decrop, Benjamin"]
[Result "1/2-1/2"]
[ECO "D01"]
[WhiteElo "2078"]
[BlackElo "2183"]
[Annotator "NA"]
[PlyCount "62"]
[EventDate "2019.07.22"]
[EventType "swiss"]
[EventCountry "BEL"]
[SourceTitle "playchess.com"]
[Source "ChessBase"]
[SourceQuality "1"]
[TimeControl "40/5400+30:1800+30"]

1. d4 Nf6 2. Bg5 d5 3. e3 c5 4. Bxf6 gxf6 5. Nc3 Nc6 6. Qh5 e6 7. O-O-O cxd4 8. exd4 Bd7 9. Nge2 f5 10. g3 Qf6 11. Bg2 Qh6+ 12. Qxh6 Bxh6+ 13. Kb1 O-O-O 14. Bf3 Bg7 15. Bh5 Rhf8 16. Rd3 Ne7 17. Rhd1 Ng8 18. Nf4 Kb8 19. Be2 Bh8 20. Nh5 Ne7 21. Bf1 Rc8 22. Bh3 Rg8 23. Nf4 Ng6 24. Nh5 Rc7 25. f3 Ne7 26. g4 fxg4 27. fxg4 Be8 28. Nf4 Ng6 29. Nh5 Ne7 30. Nf4 Ng6 31. Nh5 Ne7 1/2-1/2

[Event "18th Charleroi Open-A 2019"]
[Site "Charleroi"]
[Date "2019.08.03"]
[Round "9.19"]
[White "Partoens, Remi"]
[Black "Boucquet, Emile"]
[Result "1-0"]
[ECO "B22"]
[WhiteElo "1957"]
[BlackElo "2064"]
[Annotator "NA"]
[PlyCount "129"]
[EventDate "2019.07.22"]
[EventType "swiss"]
[EventCountry "BEL"]
[SourceTitle "playchess.com"]
[Source "ChessBase"]
[SourceQuality "1"]
[TimeControl "40/5400+30:1800+30"]

1. e4 c5 2. c3 Nf6 3. e5 Nd5 4. d4 cxd4 5. cxd4 Nc6 6. Nf3 d6 7. Bc4 Nb6 8. Bb3 dxe5 9. dxe5 Qxd1+ 10. Bxd1 Nc4 11. Nc3 N4xe5 12. Nxe5 Nxe5 13. O-O Bd7 14. Bf4 Ng6 15. Be3 Bc6 16. Rc1 e6 17. Bf3 Bxf3 18. gxf3 a6 19. Na4 Bd6 20. Rfd1 Rd8 21. Bb6 Rd7 22. Bc5 Bxc5 23. Rxd7 Bxf2+ 24. Kxf2 Kxd7 25. Nc5+ Ke7 26. Nxb7 Rb8 27. Rc7+ Kf6 28. Kg3 h5 29. f4 e5 30. Rc6+ Ke7 31. f5 Nf4 32. Rc7+ Kf8 33. b3 Nd5 34. Rd7 Nf6 35. Rc7 Ne8 36. Rd7 Nf6 37. Rc7 Nd5 38. Rd7 Nb6 39. Rc7 Na8 40. Rc6 Rxb7 41. Rc8+ Ke7 42. Rxa8 Kf6 43. Rxa6+ Kxf5 44. Rc6 Rd7 45. Rc2 Rd3+ 46. Kf2 Ke4 47. b4 Rf3+ 48. Kg2 Rf6 49. b5 Rb6 50. a4 Kd5 51. Rc7 Ke6 52. Rc1 Kd6 53. Rf1 Rb7 54. Rc1 Rc7 55. Rb1 Rc2+ 56. Kf3 Kc7 57. b6+ Kb7 58. a5 Ra2 59. Rb5 f6 60. Ke4 Ra4+ 61. Kd5 e4 62. Rc5 e3 63. Rc7+ Kb8 64. Rxg7 e2 65. a6 1-0

[Event "18th Charleroi Open-A 2019"]
[Site "Charleroi"]
[Date "2019.08.03"]
[Round "9.21"]
[White "Verbist, Julien"]
[Black "De Block, Fabio"]
[Result "1/2-1/2"]
[ECO "B13"]
[WhiteElo "1974"]
[BlackElo "2039"]
[Annotator "NA"]
[PlyCount "51"]
[EventDate "2019.07.22"]
[EventType "swiss"]
[EventCountry "BEL"]
[SourceTitle "playchess.com"]
[Source "ChessBase"]
[SourceQuality "1"]
[TimeControl "40/5400+30:1800+30"]

1. e4 c6 2. d4 d5 3. exd5 cxd5 4. Bd3 Nc6 5. c3 Qc7 6. h3 Nf6 7. Nf3 g6 8. O-O Bg7 9. a4 O-O 10. Re1 Nd7 11. Bc2 b6 12. Bg5 Re8 13. Nbd2 Bb7 14. Bb3 e6 15. Bh4 Na5 16. Bg3 Qc8 17. Ba2 a6 18. Ne5 Nxe5 19. Bxe5 Bxe5 20. Rxe5 Qc6 21. b4 Nc4 22. Bxc4 dxc4 23. Qg4 Rac8 24. a5 b5 25. Rae1 Qd7 26. Nf3 1/2-1/2

[Event "18th Charleroi Open-A 2019"]
[Site "Charleroi"]
[Date "2019.08.03"]
[Round "9.22"]
[White "Moerman, Thomas"]
[Black "Philippe, Denis-Emmanuel"]
[Result "0-1"]
[ECO "D46"]
[WhiteElo "1931"]
[BlackElo "2015"]
[Annotator "NA"]
[PlyCount "92"]
[EventDate "2019.07.22"]
[EventType "swiss"]
[EventCountry "BEL"]
[SourceTitle "playchess.com"]
[Source "ChessBase"]
[SourceQuality "1"]
[TimeControl "40/5400+30:1800+30"]

1. d4 d5 2. c4 c6 3. e3 Nf6 4. Nc3 e6 5. Nf3 Nbd7 6. Be2 Bd6 7. O-O O-O 8. Qc2 dxc4 9. Bxc4 b5 10. Be2 Bb7 11. Rd1 Qe7 12. e4 e5 13. dxe5 Nxe5 14. Nd4 Bc5 15. Bg5 Rfd8 16. Nf5 Qe6 17. Rxd8+ Rxd8 18. Rd1 Re8 19. h3 Ng6 20. Bf3 Ne5 21. Ne2 Nxf3+ 22. gxf3 Bf8 23. Qd2 c5 24. Nf4 Qe5 25. Bxf6 Qxf6 26. Nd5 Bxd5 27. Qxd5 g6 28. Qd7 Re6 29. Ng3 Bd6 30. Kg2 Bxg3 31. fxg3 Qxb2+ 32. Rd2 Qc3 33. h4 Qe3 34. Rd3 Qe2+ 35. Kh3 Qf1+ 36. Kh2 Qe2+ 37. Kh3 Qf1+ 38. Kh2 a6 39. h5 Qf2+ 40. Kh3 Qf1+ 41. Kg4 gxh5+ 42. Kf4 Qc1+ 43. Rd2 Kg7 44. Qd8 Qc3 45. Rd5 Rf6+ 46. Rf5 Qc1+ 0-1

[Event "18th Charleroi Open-A 2019"]
[Site "Charleroi"]
[Date "2019.08.03"]
[Round "9.23"]
[White "Vernimmen, Pierre"]
[Black "De Weird, Matthias"]
[Result "1-0"]
[ECO "C61"]
[WhiteElo "1911"]
[BlackElo "2009"]
[Annotator "NA"]
[PlyCount "81"]
[EventDate "2019.07.22"]
[EventType "swiss"]
[EventCountry "BEL"]
[SourceTitle "playchess.com"]
[Source "ChessBase"]
[SourceQuality "1"]
[TimeControl "40/5400+30:1800+30"]

1. e4 e5 2. Nf3 Nc6 3. Bb5 Nd4 4. Nxd4 exd4 5. O-O c6 6. Bc4 g6 7. Qf3 Qf6 8. Qxf6 Nxf6 9. d3 Bg7 10. e5 Ng4 11. f4 h5 12. h3 Nh6 13. Nd2 O-O 14. Ne4 d5 15. exd6 Bf5 16. Bd2 Rad8 17. a4 Rfe8 18. Rfe1 Bxe4 19. dxe4 Rxd6 20. a5 c5 21. Kf2 Kh7 22. Kf3 f6 23. g4 Re7 24. b4 cxb4 25. gxh5 gxh5 26. Bxb4 Rc7 27. Bxd6 Rxc4 28. Ra2 Rc3+ 29. Kg2 b5 30. a6 Nf7 31. Bb8 b4 32. Bxa7 d3 33. cxd3 b3 34. Rb2 Rc6 35. Ra1 f5 36. e5 Rg6+ 37. Kf3 Bxe5 38. fxe5 Nxe5+ 39. Ke3 Rg3+ 40. Kf4 Rg7 41. Kxe5 1-0

[Event "18th Charleroi Open-A 2019"]
[Site "Charleroi"]
[Date "2019.08.03"]
[Round "9.24"]
[White "Damlakhi, Mahmoud"]
[Black "Barbier, Wim"]
[Result "0-1"]
[ECO "A55"]
[WhiteElo "2008"]
[BlackElo "2068"]
[Annotator "NA"]
[PlyCount "84"]
[EventDate "2019.07.22"]
[EventType "swiss"]
[EventCountry "BEL"]
[SourceTitle "playchess.com"]
[Source "ChessBase"]
[SourceQuality "1"]
[TimeControl "40/5400+30:1800+30"]

1. d4 d6 2. Nf3 Nf6 3. g3 Nbd7 4. Bg2 e5 5. O-O Be7 6. c4 O-O 7. Nc3 c6 8. e4 a6 9. a4 a5 10. h3 Re8 11. Be3 Bf8 12. Qc2 exd4 13. Nxd4 Nc5 14. Rfe1 Qb6 15. b3 Be6 16. Rad1 Rad8 17. f4 Bc8 18. Bf2 g6 19. g4 Qc7 20. Bg3 Nfd7 21. Kh1 Bg7 22. Ndb5 Qb6 23. Rxd6 Bf8 24. Nd5 Qa6 25. Rxd7 Bxd7 26. Nbc7 Qa7 27. Nf6+ Kh8 28. Ncxe8 Bxe8 29. Nxe8 Rxe8 30. e5 Qb6 31. Rb1 Rd8 32. Bf1 Rd4 33. f5 Ne4 34. Bh2 Nd2 35. Re1 Nf3 36. Re2 Qc5 37. Bg2 Nxh2 38. Kxh2 Bh6 39. e6 Qd6+ 40. Kg1 Rd1+ 41. Kf2 Qd4+ 42. Kf3 Qf4# 0-1

[Event "18th Charleroi Open-A 2019"]
[Site "Charleroi"]
[Date "2019.08.03"]
[Round "9.25"]
[White "Dugailliez, Guy"]
[Black "Godry, Clement"]
[Result "0-1"]
[ECO "C30"]
[WhiteElo "2063"]
[BlackElo "1962"]
[Annotator "NA"]
[PlyCount "74"]
[EventDate "2019.07.22"]
[EventType "swiss"]
[EventCountry "BEL"]
[SourceTitle "playchess.com"]
[Source "ChessBase"]
[SourceQuality "1"]
[TimeControl "40/5400+30:1800+30"]

1. e4 e5 2. f4 Nc6 3. Nf3 f5 4. exf5 e4 5. Ne5 Nf6 6. d3 Qe7 7. Be2 Nxe5 8. fxe5 Qxe5 9. O-O Bc5+ 10. Kh1 O-O 11. c3 exd3 12. Bxd3 d5 13. Bf4 Qe7 14. Bg5 Bd7 15. Nd2 Rae8 16. b4 Bd6 17. Qb3 c6 18. Ne4 Be5 19. Rae1 Qf7 20. Nc5 Bxh2 21. Rxe8 Rxe8 22. Qd1 Be5 23. c4 b6 24. Bxf6 Bxf6 25. Nxd7 Qxd7 26. cxd5 cxd5 27. Re1 Bc3 28. Rxe8+ Qxe8 29. b5 Qe3 30. Bc2 Bd4 31. g3 Kf8 32. Kg2 Qf2+ 33. Kh3 Be5 34. Qd3 Ke7 35. Bb3 d4 36. Kg4 Kf6 37. Qf3 h5+ 0-1

[Event "18th Charleroi Open-A 2019"]
[Site "Charleroi"]
[Date "2019.08.03"]
[Round "9.26"]
[White "Roels, Frederik"]
[Black "Oupindrin, Narayanin"]
[Result "0-1"]
[ECO "E11"]
[WhiteElo "1944"]
[BlackElo "2056"]
[Annotator "NA"]
[PlyCount "78"]
[EventDate "2019.07.22"]
[EventType "swiss"]
[EventCountry "BEL"]
[SourceTitle "playchess.com"]
[Source "ChessBase"]
[SourceQuality "1"]
[TimeControl "40/5400+30:1800+30"]

1. d4 Nf6 2. c4 e6 3. Nf3 Bb4+ 4. Nbd2 d5 5. Qa4+ Nc6 6. a3 Be7 7. e3 Bd7 8. Qc2 a5 9. b3 O-O 10. Bd3 Re8 11. Bb2 h6 12. O-O Rc8 13. Bc3 b6 14. Ne5 Rf8 15. Bb2 Nxe5 16. dxe5 Ne8 17. f4 f5 18. cxd5 exd5 19. Ba6 Rb8 20. Qd3 c6 21. Rfc1 Nc7 22. a4 Ne6 23. Qf1 Bc5 24. Rxc5 Nxc5 25. Be2 Be6 26. Qd1 Ne4 27. Nf3 c5 28. Qc2 Rf7 29. Rd1 Rd7 30. Bb5 Rc7 31. Qe2 Qe7 32. Rc1 Kh7 33. Ba3 Qf7 34. Qe1 Kg8 35. Bd3 Rd8 36. Bb2 Qe7 37. Qe2 Kh8 38. Nh4 Qxh4 39. g4 Qxg4+ 0-1

[Event "18th Charleroi Open-A 2019"]
[Site "Charleroi"]
[Date "2019.08.03"]
[Round "9.27"]
[White "Zamparo, Sergio"]
[Black "Butzen, Robin"]
[Result "1-0"]
[ECO "B92"]
[WhiteElo "2031"]
[BlackElo "1967"]
[Annotator "NA"]
[PlyCount "83"]
[EventDate "2019.07.22"]
[EventType "swiss"]
[EventCountry "BEL"]
[SourceTitle "playchess.com"]
[Source "ChessBase"]
[SourceQuality "1"]
[TimeControl "40/5400+30:1800+30"]

1. e4 c5 2. Nf3 d6 3. d4 cxd4 4. Nxd4 Nf6 5. Nc3 a6 6. a4 e5 7. Nb3 Be7 8. Be2 O-O 9. O-O b6 10. Be3 Bb7 11. f3 Nbd7 12. Nd2 d5 13. exd5 Nxd5 14. Nxd5 Bxd5 15. Nc4 Be6 16. Qd2 Qc7 17. b3 f5 18. Bf2 Rfd8 19. Rfd1 Rac8 20. Qe1 Nc5 21. Bf1 Bf6 22. Rxd8+ Rxd8 23. Nxb6 e4 24. Rb1 Qxb6 25. b4 Qc6 26. Bxc5 exf3 27. gxf3 Bd5 28. Rd1 Bxf3 29. Bc4+ Kh8 30. Rxd8+ Bxd8 31. Qe5 Qd7 32. Bd3 Bc6 33. a5 Be4 34. Bxe4 Qd1+ 35. Kg2 Qg4+ 36. Kf1 Qd1+ 37. Kg2 Qg4+ 38. Kh1 Qxe4+ 39. Qxe4 fxe4 40. Kg2 Kg8 41. Kf2 Kf7 42. b5 1-0

[Event "18th Charleroi Open-A 2019"]
[Site "Charleroi"]
[Date "2019.08.03"]
[Round "9.28"]
[White "Dierckens, Sarah"]
[Black "Miulescu, Gabriel"]
[Result "1/2-1/2"]
[ECO "B47"]
[WhiteElo "1770"]
[BlackElo "2020"]
[Annotator "NA"]
[PlyCount "41"]
[EventDate "2019.07.22"]
[EventType "swiss"]
[EventCountry "BEL"]
[SourceTitle "playchess.com"]
[Source "ChessBase"]
[SourceQuality "1"]
[TimeControl "40/5400+30:1800+30"]

1. e4 c5 2. Nf3 e6 3. d4 cxd4 4. Nxd4 Nc6 5. Nc3 Qc7 6. Be2 a6 7. Nxc6 bxc6 8. f4 Bc5 9. e5 f5 10. Qd3 a5 11. Qg3 g6 12. Na4 Bb4+ 13. c3 Bf8 14. Be3 d5 15. exd6 Bxd6 16. Rd1 Nf6 17. Nb6 Rb8 18. Nc4 Be7 19. Bd4 Ra8 20. Be5 Qa7 21. Bd4 1/2-1/2

[Event "18th Charleroi Open-A 2019"]
[Site "Charleroi"]
[Date "2019.08.03"]
[Round "9.29"]
[White "Van Haelst, Raymond"]
[Black "Godde, Matthias"]
[Result "1-0"]
[ECO "A00"]
[WhiteElo "1947"]
[BlackElo "1989"]
[Annotator "NA"]
[PlyCount "73"]
[EventDate "2019.07.22"]
[EventType "swiss"]
[EventCountry "BEL"]
[SourceTitle "playchess.com"]
[Source "ChessBase"]
[SourceQuality "1"]
[TimeControl "40/5400+30:1800+30"]

1. e4 c5 2. Ne2 Nc6 3. Nbc3 Nf6 4. g3 g6 5. Bg2 Bg7 6. O-O O-O 7. d4 cxd4 8. Nxd4 Nxe4 9. Nxc6 Nxc3 10. Nxd8 Nxd1 11. Nxb7 Nxb2 12. Bxb2 Bxb2 13. Rab1 Be5 14. Rfe1 Bc7 15. Rxe7 Rb8 16. Rb3 Kg7 17. c4 Kf6 18. Re1 d6 19. Rd1 Ke7 20. Na5 Rxb3 21. Nc6+ Kf6 22. axb3 Bg4 23. Rd4 Bf5 24. Nxa7 Re8 25. h3 Re1+ 26. Kh2 Ke6 27. Nb5 Bb8 28. Bd5+ Kf6 29. Kg2 Rb1 30. Rf4 Ke7 31. Nd4 Bd7 32. Rxf7+ Ke8 33. Rxh7 Ba7 34. Rh8+ Ke7 35. Rh7+ Ke8 36. Nc6 Bd4 37. Re7+ 1-0

[Event "18th Charleroi Open-A 2019"]
[Site "Charleroi"]
[Date "2019.08.03"]
[Round "9.30"]
[White "Guion, Geoffrey"]
[Black "Callier, Christophe"]
[Result "1/2-1/2"]
[ECO "B06"]
[WhiteElo "2006"]
[BlackElo "1986"]
[Annotator "NA"]
[PlyCount "41"]
[EventDate "2019.07.22"]
[EventType "swiss"]
[EventCountry "BEL"]
[SourceTitle "playchess.com"]
[Source "ChessBase"]
[SourceQuality "1"]
[TimeControl "40/5400+30:1800+30"]

1. e4 g6 2. d4 Nf6 3. Nc3 d5 4. e5 Ne4 5. Nxe4 dxe4 6. Bc4 Bg7 7. Ne2 c5 8. c3 Nc6 9. O-O O-O 10. h3 Na5 11. Bb5 Bd7 12. Bxd7 Qxd7 13. Ng3 cxd4 14. Qxd4 Qxd4 15. cxd4 f5 16. exf6 Bxf6 17. Bd2 Nc4 18. Bc3 e3 19. fxe3 Nxe3 20. Rf3 Nd5 21. Ne4 1/2-1/2

[Event "18th Charleroi Open-A 2019"]
[Site "Charleroi"]
[Date "2019.08.03"]
[Round "9.31"]
[White "Denivet, Axel"]
[Black "Barbier, Astrid"]
[Result "0-1"]
[ECO "B34"]
[WhiteElo "1932"]
[BlackElo "1941"]
[Annotator "NA"]
[PlyCount "80"]
[EventDate "2019.07.22"]
[EventType "swiss"]
[EventCountry "BEL"]
[SourceTitle "playchess.com"]
[Source "ChessBase"]
[SourceQuality "1"]
[TimeControl "40/5400+30:1800+30"]

1. e4 c5 2. Nf3 g6 3. d4 cxd4 4. Nxd4 Nc6 5. Nc3 Bg7 6. Be3 Nf6 7. f3 O-O 8. Qd2 d5 9. Nxc6 bxc6 10. O-O-O Be6 11. e5 Nd7 12. f4 Qa5 13. Kb1 Rfb8 14. b3 Nb6 15. Ne4 Qxd2 16. Nxd2 a5 17. Nf3 Na4 18. Bd4 c5 19. Bb2 Nxb2 20. Kxb2 f6 21. a4 fxe5 22. fxe5 c4 23. Ka2 cxb3+ 24. cxb3 Rc8 25. Bd3 Rc3 26. Nd4 Bg4 27. Nb5 Rc5 28. Rde1 Rf8 29. Rhf1 Rxf1 30. Bxf1 Rc2+ 31. Ka1 Bh6 32. h3 Bd2 33. Nd4 Bc3+ 34. Kb1 Rb2+ 35. Kc1 Rf2 36. hxg4 Bxe1 37. Bb5 Bc3 38. Nc6 Kf8 39. b4 axb4 40. a5 b3 0-1

[Event "18th Charleroi Open-A 2019"]
[Site "Charleroi"]
[Date "2019.08.03"]
[Round "9.32"]
[White "Lui, Eric"]
[Black "Verhalle, Elias"]
[Result "1-0"]
[ECO "C72"]
[WhiteElo "1884"]
[BlackElo "1983"]
[Annotator "NA"]
[PlyCount "83"]
[EventDate "2019.07.22"]
[EventType "swiss"]
[EventCountry "BEL"]
[SourceTitle "playchess.com"]
[Source "ChessBase"]
[SourceQuality "1"]
[TimeControl "40/5400+30:1800+30"]

1. e4 e5 2. Nf3 Nc6 3. Bb5 a6 4. Ba4 d6 5. O-O Bg4 6. h3 h5 7. Bxc6+ bxc6 8. d3 Qf6 9. hxg4 hxg4 10. Ng5 Qh6 11. Nh3 Qh5 12. f4 gxh3 13. Qxh5 Rxh5 14. gxh3 exf4 15. Bxf4 Rb8 16. b3 g5 17. Bd2 Bg7 18. Bc3 Bxc3 19. Nxc3 Rxh3 20. Kg2 Rh7 21. Rf5 Rg7 22. Rh1 Kd7 23. Ra5 Ra8 24. Rh8 Ra7 25. d4 Ne7 26. Ne2 d5 27. Ng3 Ng6 28. Nf5 Nh4+ 29. Rxh4 gxh4+ 30. Nxg7 dxe4 31. Re5 Ra8 32. Kh3 Rg8 33. Nf5 Rg1 34. Rxe4 Rh1+ 35. Kg2 Ra1 36. a4 Rd1 37. Re7+ Kc8 38. Re2 Kb7 39. Kh3 Rh1+ 40. Rh2 Re1 41. Kxh4 Rf1 42. Kg4 1-0

[Event "18th Charleroi Open-A 2019"]
[Site "Charleroi"]
[Date "2019.08.03"]
[Round "9.32"]
[White "Lui, Eric"]
[Black "Verhalle, Elias"]
[Result "0-1"]
[ECO "C41"]
[WhiteElo "1884"]
[BlackElo "1983"]
[Annotator "NA"]
[PlyCount "120"]
[EventDate "2019.07.22"]
[EventType "swiss"]
[EventCountry "BEL"]
[SourceTitle "playchess.com"]
[Source "ChessBase"]
[SourceQuality "1"]
[TimeControl "40/5400+30:1800+30"]

1. e4 d6 2. d4 Nf6 3. Nc3 e5 4. Nf3 exd4 5. Nxd4 Be7 6. Be2 O-O 7. O-O Re8 8. Re1 c5 9. Nf3 Nc6 10. h3 a6 11. a4 h6 12. Bf1 Be6 13. Nd5 Bf8 14. c3 g5 15. g3 Bxd5 16. exd5 Rxe1 17. Nxe1 Ne5 18. Nf3 Qe7 19. Be3 Re8 20. Rb1 Ne4 21. Nxe5 Qxe5 22. g4 f5 23. gxf5 Qxf5 24. c4 Bg7 25. Qg4 Qxg4+ 26. hxg4 Nf6 27. b4 Nxg4 28. bxc5 Nxe3 29. fxe3 dxc5 30. Rxb7 Rxe3 31. d6 Bd4 32. d7 Re8+ 33. Kh1 Rd8 34. Bh3 h5 35. Rc7 g4 36. Rc8 Bf6 37. Bg2 Be7 38. Bb7 a5 39. Bc6 Kg7 40. Kg2 h4 41. Kf2 Kf6 42. Ke3 Ke5 43. Rxd8 Bxd8 44. Bd5 Bg5+ 45. Kf2 Kf4 46. Kg2 h3+ 47. Kh2 Kf5 48. Kg3 Bf4+ 49. Kf2 Bc7 50. d8=Q Bxd8 51. Bc6 Kf4 52. Bd7 Bf6 53. Kg1 Bd4+ 54. Kh2 Kg5 55. Be6 Kh4 56. Kh1 Bc3 57. Kg1 g3 58. Bd5 g2 59. Kh2 Be5+ 60. Kg1 Bd4+ 0-1